 Dungeon Crawl Stone Soup version 0.23.2-40-g277498a001 (webtiles) character file.

Game seed: 7360215333728486433

578 Gildeon the Chopper (level 7, -1/63 HPs)
             Began as a Deep Dwarf Berserker on Sept 27, 2019.
             Was a Priest of Trog.
             Slain by a river rat (6 damage)
             ... in a sewer.
             The game lasted 00:12:57 (3608 turns).

Gildeon the Chopper (Deep Dwarf Berserker)          Turns: 3608, Time: 00:12:57

Health: -1/63      AC: 10    Str: 22    XL:     7   Next: 13%
Magic:  8/8        EV: 12    Int:  8    God:    Trog [***...]
Gold:   156        SH:  0    Dex: 15    Spells: 6/6 levels left

rFire    . . .     SeeInvis .   a - +0 hand axe
rCold    . . .     Gourm    .   (no shield)
rNeg     . . .     Faith    .   r - +0 scale mail
rPois    .         Spirit   .   (no helmet)
rElec    .         Reflect  .   g - +0 cloak
rCorr    .         Harm     .   f - +1 pair of gloves
MR       +++..                  (no boots)
Stlth    +.........             (no amulet)
HPRegen  1.00/turn              k - +3 ring of dexterity
MPRegen  0.11/turn              w - ring of stealth

@: non-regenerating
A: damage resistance, heal wounds, sense surroundings 1, no regeneration
a: Heal Wounds, Berserk, Trog's Hand, Renounce Religion


You were in a sewer.
You worshipped Trog.
Trog was most pleased with you.
You were not hungry.

You visited 1 branch of the dungeon, and saw 5 of its levels.
You also visited: Sewer.

You collected 156 gold pieces.

Inventory:

Hand Weapons
 a - a +0 hand axe (weapon)
 v - a +0 flail
Armour
 e - a cursed -1 ring mail
 f - a +1 pair of gloves (worn)
 g - a +0 cloak (worn)
 r - a +0 scale mail (worn)
 t - a +2 ring mail of magic resistance
Jewellery
 k - a +3 ring of dexterity (left hand)
 w - a ring of stealth (right hand)
Wands
 n - a wand of disintegration (12)
 x - a wand of iceblast (6)
Scrolls
 b - a scroll of magic mapping
 m - 3 scrolls of teleportation
 q - a scroll of enchant armour
Potions
 d - a potion of heal wounds
 h - a potion of lignification
 i - a potion of ambrosia {unknown}
 l - a potion of flight {unknown}
 o - a potion of cancellation {unknown}
 p - 3 potions of curing {unknown}
 s - 4 potions of might {unknown}
 u - 2 potions of agility {unknown}
 z - a potion of resistance {unknown}
Comestibles
 c - 7 rations
 j - 14 chunks of flesh


   Skills:
 + Level 3.9 Fighting
 * Level 5.9 Axes
 + Level 4.0 Armour
 + Level 4.0 Dodging
 + Level 3.3 Evocations


You had 6 spell levels left.
You didn't know any spells.
Your spell library was empty.

Dungeon Overview and Level Annotations

Branches:
Dungeon (5/15)
 Temple: D:4-7

Altars:
Dithmenos
Gozag
Makhleb
Uskayaw
Wu Jian
Xom
Yredelemnul

Shops:
D:4 *

Annotations:
D:4 Eustachio


Innate Abilities, Weirdness & Mutations

You are resistant to damage.
You can heal yourself by infusing magical energy.
You passively map a small area around you.
You do not regenerate.


Message History

The river rat is moderately wounded.
You hit the river rat. The river rat bites you!
* * * LOW HITPOINT WARNING * * *
The river rat barely misses you.
You hit the river rat but do no damage.
The river rat is moderately wounded.
You hit the river rat.
You kill the river rat!
Trog accepts your kill. The river rat closely misses you.
You slash the river rat!
The river rat is almost dead.
You barely miss the rat. The rat bites you but does no damage.
The river rat bites you!
* * * LOW HITPOINT WARNING * * *
Your skin crawls.
You feel resistant to hostile enchantments.
You feel somewhat more hungry. The rat closely misses you.
The river rat bites you!
You die... * ################ ≈≈....r@r.∩....# ################

You could see a river rat and a rat.

Vanquished Creatures
  Grinder (D:4)
  An orc priest (D:4)
  3 orc wizards
  A bullfrog skeleton (D:4)
  Ijyb (D:4)
  11 gnolls
  2 adders
  A river rat (Sewer)
  2 worms
  5 leopard geckos
  8 orcs
  A ball python (D:4)
  8 giant cockroaches
  2 goblins
  4 hobgoblins (D:2)
  4 jackals (D:2)
  11 kobolds
  A quokka (D:4)
  6 bats
  2 frilled lizards
  7 rats
82 creatures vanquished.

Notes
Turn   | Place    | Note
-------+----------+-------------------------------------------
     0 | D:1      | Gildeon the Deep Dwarf Berserker began the quest for the
                  | Orb.
     0 | D:1      | Reached XP level 1. HP: 20/20 MP: 1/1
   387 | D:1      | Reached XP level 2. HP: 9/27 MP: 2/2
  1092 | D:2      | Reached ** piety under Trog
  1227 | D:2      | Reached XP level 3. HP: 29/33 MP: 3/3
  1457 | D:3      | Found a shimmering altar of Xom.
  1459 | D:3      | Found a shimmering altar of Xom.
  1459 | D:3      | Found a shimmering altar of Xom.
  1459 | D:3      | Found a shimmering altar of Xom.
  1463 | D:3      | Found a shimmering altar of Xom.
  1499 | D:3      | Found a shadowy altar of Dithmenos.
  1524 | D:3      | Reached skill level 4 in Axes
  1625 | D:3      | Reached skill level 1 in Evocations
  1625 | D:3      | Reached XP level 4. HP: 31/42 MP: 4/4
  2357 | D:4      | Reached XP level 5. HP: 35/49 MP: 6/6
  2421 | D:4      | Noticed Grinder
  2428 | D:4      | Paralysed by Grinder for 2 turns
  2439 | D:4      | Killed Grinder
  2439 | D:4      | Reached skill level 5 in Axes
  2439 | D:4      | Reached XP level 6. HP: 25/56 MP: 6/8
  2521 | D:4      | Found a basalt altar of Yredelemnul.
  2521 | D:4      | Found an ornate altar of the Wu Jian Council.
  2521 | D:4      | Found a burning altar of Makhleb.
  2521 | D:4      | Found an opulent altar of Gozag.
  2719 | D:4      | Noticed Ijyb
  2747 | D:4      | Killed Ijyb
  2776 | D:4      | Found Qyintih's Assorted Antiques.
  2930 | D:4      | Noticed Eustachio
  3091 | D:4      | Found a hide-covered altar of Uskayaw.
  3402 | D:5      | Entered Level 5 of the Dungeon
  3413 | D:5      | Reached XP level 7. HP: 25/63 MP: 8/8
  3473 | D:5      | Reached *** piety under Trog
  3593 | D:5      | Found a glowing drain.
  3597 | Sewer    | Entered a sewer
  3608 | Sewer    | Slain by a river rat

Skill      XL: |  1  2  3  4  5  6  7 |
---------------+----------------------+-----
Fighting       | 3 |  3.9
Axes           | 4 5 |  5.9
Evocations     | 1 2 3 |  3.3
Armour         | 3 4 |  4.0
Dodging        | 3 4 |  4.0

Action                   |  1- 3 |  4- 6 |  7- 9 || total
-------------------------+-------+-------+-------++-------
Melee: Hand axe          |   135 |   152 |    82 ||   369
Invok: Trog's Hand       |       |       |     1 ||     1
 Abil: Heal Wounds       |     1 |     2 |       ||     3
Evoke: Wand              |       |     2 |       ||     2
  Use: Scroll            |     8 |     4 |       ||    12
 Stab: Sleeping          |       |       |     1 ||     1
  Eat: Chunk             |     2 |     5 |       ||     7
       Ration            |       |     1 |       ||     1
Armor: Animal skin       |    16 |       |       ||    16
       Ring mail         |    33 |       |       ||    33
       Scale mail        |       |    59 |    25 ||    84
Dodge: Dodged            |    81 |    66 |    40 ||   187
